AoeStats
← 17_Neo_

Arena

509102812Analyzed
1v1 RM · 7d ago on Sep 25, 2026· 23m 11s· 2 players
Game mode
Random Map
Map size
Tiny (2 player)
Population
200
Speed
Normal
Resources
Standard
Victory
Conquest
Starting age
Dark Age
Ending age
Imperial Age
RankedLock teamsTeams togetherTeam positionsShared explorationLock speedFull tech treeHidden civsTurbo modeCheats
Victory
Defeat
🇧🇷 Inca · Brazil
1649
+16
🇨🇴 Byzantines · Colombia
1651
-16
Marvin Saturnino
5:48 Loom
8:17 Feudal Age
10:12 Fletching
14:44 Town Watch
22:18 Castle Age
22:58 Bodkin Arrow
17_Neo_
9:01 Loom
10:47 Feudal Age
15:56 Castle Age
16:15 Double-Bit Axe
Connection lost

Rejoining the realm…

Still unreachable

The connection could not be restored.

Session expired

The server has moved on; the page needs a fresh start.